cohdb
Replays
Latest Replays
All Replays
Popular Replays
Top Player Replays
Match Explorer
How It Works
Community
CoH3 Stats
Reddit
Sign in to upload your games and track your stats! →
Sign in with Steam
Match 45911914
Unlisted
Match 45911914
Overview
Messages
Build Orders
End
Scout Squad
Construct Barracks
1⁄4-ton 4x4 Truck
Riflemen Squad
Riflemen Squad
Riflemen Squad
Infantry Support Center
Construct Motor Pool
M8 Greyhound Armored Car
Grenade Package
Selects Armored Battlegroup
Selects Fast Deploy
Selects Veteran Crews
Engineer Squad
Mael Radec
severedhand
0
0
Comments
sign in to comment!
No comments posted yet!